 Dungeon Crawl Stone Soup version 0.30-a0-241-g1121274140 (webtiles) character file.

Game seed: 3373210029150344337

46 KennySheep the Changer (level 3, -10/27 HPs)
             Began as a Demigod Transmuter on Oct 10, 2022.
             Mangled by a gnoll
             ... wielding a +0 flail
              (11 damage)
             ... on level 2 of the Dungeon.
             The game lasted 00:02:22 (732 turns).

KennySheep the Changer (Demigod Transmuter)          Turns: 732, Time: 00:02:22

Health: -10/27     AC:  2    Str: 15    XL:     3   Next: 27%
Magic:  7/8        EV: 12    Int: 15    God:
Gold:   63         SH:  0    Dex: 14    Spells: 1/5 levels left

rFire   . . .      SeeInvis .      - Unarmed
rCold   . . .      Faith    .    (no shield)
rNeg    . . .      Spirit   .    a - +0 robe
rPois   .          Reflect  .    (helmet currently unavailable)
rElec   .          Harm     .    (no cloak)
rCorr   .          Rampage  .    (no gloves)
Will    .....                    (boots currently unavailable)
Stlth   +.........               (no amulet)
HPRegen 0.24/turn                (no ring)
MPRegen 0.11/turn                (no ring)

@: appendages
A: horns 2, talons 2, high MP 1, forlorn, divine attributes
a: End Transformation


You were on level 2 of the Dungeon.
You had temporarily grown beastly horns and talons.
You visited 1 branch of the dungeon, and saw 2 of its levels.

You collected 63 gold pieces.

Inventory:

Missiles
 g - 6 javelins
Armour
 a - a +0 robe (worn)
 h - a +0 helmet (melded)
Scrolls
 c - a scroll of enchant weapon {unknown}
 d - a scroll of immolation {unknown}
 j - a scroll of butterflies {unknown}
Potions
 b - a potion of lignification
 e - a potion of ambrosia {unknown}
 f - a potion of magic {unknown}
 i - a potion of curing {unknown}


   Skills:
 - Level 0.8 Fighting
 - Level 1.7 Dodging
 - Level 2.6 Unarmed Combat
 - Level 1.7 Spellcasting
 + Level 2.8 Transmutations
 + Level 1.9 Poison Magic


You had one spell level left.
You knew the following spells:

 Your Spells              Type           Power      Damage    Failure   Level
a - Beastly Appendage     Tmut           18%        N/A       7%          1
b - Spider Form           Tmut/Pois      8%         N/A       26%         3

Your spell library contained the following spells:

 Spells                   Type           Power      Damage    Failure   Level
 Wereblood                Tmut           9%         N/A       11%         2
 Poisonous Vapours        Pois/Air       8%         N/A       24%         2
 Cigotuvi's Dreadful Rot  Necr/Pois/Air  6%         N/A       26%         2
 Mephitic Cloud           Conj/Pois/Air  3%         N/A       47%         3
 Ice Form                 Ice/Tmut       5%         N/A       77%         4


Dungeon Overview and Level Annotations

Branches:
Dungeon (2/15)


Innate Abilities, Weirdness & Mutations

You have temporarily grown beastly horns and talons.
You have an increased reservoir of magic. (+10% MP)
You shall have no god before yourself.
Your divine heritage dramatically boosts your attributes as you level up.


Message History

Found 2 poisoned darts.
A bat comes into view.
A bat is nearby!
An adder and a gnoll come into view.
The gnoll shouts!
You hear a shout!
A gnoll comes into view. It is wielding a +0 whip.
A gnoll comes into view. It is wielding a +0 club.
The adder hisses angrily.
The gnoll shouts!
You hit the bat.
The bat is severely wounded.
The bat barely misses you.
You hit the bat.
You kill the bat!
The adder bites you.
You barely miss the adder. The adder bites you.
You are poisoned.
The adder poisons you!
You miss the adder.
You feel sick. The adder bites you but does no damage.
Casting: Beastly Appendage (safe; 8% risk of failure)
Confirm with . or Enter, or press ? or * to list all spells.
You grow a pair of large bovine horns.
Your feet morph into talons.
Your +0 helmet melds into your body.
You feel sick. The adder bites you.
You closely miss the adder. You claw the adder, but do no damage.
You headbutt the adder!
You kill the adder!
You barely miss the gnoll. Your headbutt misses the gnoll.
You feel sick. The gnoll barely misses you.
You barely miss the gnoll. Your headbutt misses the gnoll.
You feel sick. The gnoll hits you with a +0 flail.
You barely miss the gnoll. You headbutt the gnoll.
The gnoll is moderately wounded.
You feel sick.
You are no longer poisoned.
The gnoll closely misses you.
You hit the gnoll. You headbutt the gnoll.
The gnoll is severely wounded.
The gnoll hits you with a +0 flail!
* * * LOW HITPOINT WARNING * * *
The gnoll attacks as you move away! The gnoll hits you with a +0 flail!
You die...

(..... # #......
##..........#.###..g....
##.......##.........g....
.......... ##.gg.....
#.......## ####..#######
##.....>.#.##gg.##
#........#.##g###
#..........##@#
#......†..###.#######
##......#..##.......#
##...#.##..#.......#
###..†##..........#
#.<#...##.......#
#.........###.......#
#..........# #.........
..^<.......# ........#.


You could see 3 gnolls.

Vanquished Creatures
  An adder (D:2)
  A worm (D:2)
  2 ball pythons
  4 bats
  4 endoplasms (D:1)
  3 giant cockroaches (D:1)
  A goblin (D:1)
  2 hobgoblins (D:1)
  2 jackals (D:2)
  5 kobolds (D:1)
  A quokka (D:1)
  4 rats (D:1)
30 creatures vanquished.

Notes
Turn   | Place    | Note
-------+----------+-------------------------------------------
     0 | D:1      | KennySheep the Demigod Transmuter began the quest for the
                  | Orb.
     0 | D:1      | Reached XP level 1. HP: 15/15 MP: 5/5
   146 | D:1      | Reached skill level 1 in Poison Magic
   151 | D:1      | Reached XP level 2. HP: 22/22 MP: 5/7
   668 | D:2      | Reached XP level 3. HP: 21/27 MP: 6/8
   675 | D:2      | Learned a level 3 spell: Spider Form
   731 | D:2      | HP: 1/27 [gnoll/+0 flail (9)]
   732 | D:2      | Mangled by a gnoll

Illustrated notes

Levels and vault maps discovered:
D:1:      dpeg_arrival_long_road, layout_rooms,
          hellmonk_ecumenical_altar_heavens_door
D:2:      layout_rooms, nicolae_figureground_sparkle

Skill      XL: |  1 |
---------------+----+-----
Transmutations | 2 |  2.8
Poison Magic   | 1 |  1.9
Fighting       | |  0.8
Dodging        | |  1.7
Unarmed Combat | |  2.6
Spellcasting   | |  1.7

Action                   || total
-------------------------++-------
Melee: Unarmed           ||    87
       Kick              ||    11
       Headbutt          ||    11
       Punch             ||     3
 Cast: Beastly Appendage ||     8
 Stab: Sleeping          ||     4
Armor: Robe              ||    12
Dodge: Dodged            ||    46

Table legend: (Time is in decaauts)
 A = Elapsed time spent in this place.
 B = Non-inter-level travel time spent in this place.
 C = Inter-level travel time spent in this place.
 D = Time resting spent in this place.
 E = Time spent auto-exploring this place.
 F = Levels seen in this place.
 G = Mean time per level.
                   A        B        C        D        E       F      G
               +--------+--------+--------+--------+--------+-----+--------+
         Total |    728 |    721 |      7 |    122 |    370 |   2 |  364.0 |
       Dungeon |    728 |    721 |      7 |    122 |    370 |   2 |  364.0 |
               +--------+--------+--------+--------+--------+-----+--------+

Top non-repeatable levels by time:
     D:1: 656 daAuts
     D:2: 72 daAuts
